 Dungeon Crawl Stone Soup version 0.21-a0-82-gdb84782 (webtiles) character file.

149 Manul the Skirmisher (level 5, -2/41 HPs)
             Began as a Demonspawn Abyssal Knight on June 24, 2017.
             Was a Believer of Lugonu.
             Slain by an iguana (9 damage)
             ... on level 4 of the Dungeon.
             The game lasted 00:03:14 (3760 turns).

Manul the Skirmisher (Demonspawn Abyssal Knight)    Turns: 3760, Time: 00:03:15

Health: -2/41      AC:  3    Str: 12    XL:     5   Next: 9%
Magic:  0/6        EV: 11    Int: 14    God:    Lugonu [**....]
Gold:   98         SH:  3    Dex: 13    Spells: 4/4 levels left

rFire    + . .     SeeInvis .   a - +1 falchion
rCold    . . .     Gourm    .   d - +0 buckler
rNeg     . . .     Faith    .   b - +0 leather armour
rPois    .         Spirit   +   (no helmet)
rElec    .         Reflect  .   (no cloak)
rCorr    .         Harm     .   (no gloves)
MR       +....                  (no boots)
Stlth    +.........             (no amulet)
HPRegen  0.13/turn              i - ring of protection from fire
MPRegen  0.20/turn              n - ring of protection from magic

@: no status effects
A: powered by death 2, magic shield, magic regeneration
a: Depart the Abyss, Bend Space, Renounce Religion


You were on level 4 of the Dungeon.
You worshipped Lugonu.
Lugonu was pleased with you.
You were not hungry.

You visited 1 branch of the dungeon, and saw 4 of its levels.
You visited the Abyss 1 time.

You collected 98 gold pieces.

Inventory:

Hand Weapons
 a - a +1 falchion (weapon)
Armour
 b - a +0 leather armour (worn)
 d - a +0 buckler (worn)
Jewellery
 i - a ring of protection from fire (left hand)
 n - a ring of protection from magic (right hand)
Scrolls
 f - a scroll of amnesia {unknown}
 g - 2 scrolls of blinking {unknown}
 h - a scroll of recharging {unknown}
 j - a scroll of noise {unknown}
 k - 5 scrolls of immolation
 l - a scroll of fog {unknown}
 p - 2 scrolls of magic mapping
 r - a scroll of remove curse {unknown}
Potions
 e - a potion of curing
 q - a potion of haste {unknown}
Comestibles
 c - 3 bread rations
 m - 5 chunks of flesh
 o - 2 meat rations
 s - a royal jelly


   Skills:
 + Level 3.5 Fighting
 + Level 3.1 Long Blades
 + Level 3.0 Armour
 + Level 1.7 Dodging
 - Level 0.2 Stealth
 + Level 0.5 Shields
 * Level 2.4 Invocations


You had 4 spell levels left.
You didn't know any spells.

Dungeon Overview and Level Annotations

Branches:
Dungeon (4/15)
 Temple: D:4-7

Altars:
Dithmenos


Innate Abilities, Weirdness & Mutations

You regenerate health from kills.
When hurt, damage is shared between your health and your magic reserves.
You regenerate magic rapidly.


Message History

You barely miss the iguana.
The iguana is severely wounded.
The iguana closely misses you.
You hit the iguana but do no damage.
The iguana is severely wounded.
The iguana bites you!
* * * LOW HITPOINT WARNING * * *
Unknown command.
You feel better. The iguana closely misses you.
You riposte.
You barely miss the iguana.
The iguana is severely wounded.
You completely miss the iguana.
The iguana is severely wounded.
The iguana bites you.
* * * LOW HITPOINT WARNING * * *
You barely miss the iguana.
The iguana is severely wounded.
The iguana bites you but does no damage.
The iguana bites you!
You die...

.#......>.............
........)......#......
.........##.##.#....
.....<<.....# #...
.....###.#######.#
.................#######
###.####................
......................
#..............@.......
...........(...l.......
......................
......................
..............##......
########.#.#.# ......
...#.#.# ...... .. #.#.
......


You could see an iguana.

Vanquished Creatures
  Terence (D:2)
  A hound skeleton (D:4)
  A gnoll (D:2)
  4 adders
  A worm (D:3)
  A dart slug (D:1)
  A leopard gecko (D:1)
  3 orcs (D:3)
  6 bats
  2 giant cockroaches
  11 goblins
  9 hobgoblins
  A ball python (D:2)
  4 frilled lizards
  4 kobolds
  15 rats
65 creatures vanquished.

Notes
Turn   | Place    | Note
-------+----------+-------------------------------------------
     0 | Abyss:1  | Manul the Demonspawn Abyssal Knight began the quest for the Orb.
     0 | Abyss:1  | Reached XP level 1. HP: 18/18 MP: 2/2
    27 | Abyss:1  | Noticed a starcursed mass
   116 | Abyss:1  | Found a corrupted altar of Lugonu.
   255 | Abyss:1  | Found a corrupted altar of Lugonu.
   303 | Abyss:1  | Noticed a large abomination
   308 | Abyss:1  | Noticed a raiju
   311 | D:1      | Escaped the Abyss
   748 | D:1      | Gained mutation: When hurt, damage is shared between your health and your magic reserves. [demonic ancestry]
   748 | D:1      | Reached XP level 2. HP: 20/24 MP: 3/3
   809 | D:1      | Reached skill level 1 in Dodging
   839 | D:1      | Reached * piety under Lugonu
  1472 | D:2      | Noticed Terence
  1502 | D:2      | Killed Terence
  1502 | D:2      | Gained mutation: You regenerate a little health from kills. [demonic ancestry]
  1502 | D:2      | Reached XP level 3. HP: 10/29 MP: 1/4
  1794 | D:2      | Gained mutation: You regenerate magic rapidly. [demonic ancestry]
  1794 | D:2      | Reached XP level 4. HP: 5/35 MP: 2/5
  2677 | D:2      | Reached ** piety under Lugonu
  3464 | D:3      | Found a shadowy altar of Dithmenos.
  3744 | D:4      | Gained mutation: You regenerate health from kills. [demonic ancestry]
  3744 | D:4      | Reached XP level 5. HP: 38/41 MP: 6/6
  3760 | D:4      | Slain by an iguana

Vault maps used:
D:1:      sevenhm_arrival_forest_fort_small_3, st_stairs_4,
          minmay_misc_feat_doors
D:2:      first_bread, minmay_misc_feat_ornament, minmay_tetromino_t4,
          uniq_terence
D:3:      grunt_dithmenos_smoke_and_mirrors
D:4:      minmay_temple_entry_trees, serial_shops, shop, minmay_unequal
Abyss:1:  hangedman_cross_veins

Skill      XL: |  1  2  3  4 |
---------------+-------------+-----
Armour         | 2 3 |  3.0
Dodging        | 1 |  1.7
Long Blades    | 2 3 |  3.1
Fighting       | |  3.5
Stealth        | |  0.2
Shields        | |  0.5
Invocations    | |  2.4

Action                   |  1- 3 |  4- 6 || total
-------------------------+-------+-------++-------
Melee: Falchion          |    95 |   114 ||   209
Invok: Depart the Abyss  |     1 |       ||     1
  Use: Potion            |     2 |     3 ||     5
       Scroll            |       |     2 ||     2
 Stab: Sleeping          |     1 |     1 ||     2
       Distracted        |       |     1 ||     1
  Eat: Chunk             |     3 |     6 ||     9
Armor: Leather armour    |    36 |    18 ||    54
Dodge: Dodged            |    73 |    68 ||   141
Block: Buckler           |    11 |    16 ||    27
       Rpst.: Falchion   |    21 |    18 ||    39
